 Dungeon Crawl Stone Soup version 0.22.0-27-ga576289601 (webtiles) character file.

11871 dricus the Basher (level 11, -10/73 HPs)
             Began as a Gargoyle Fighter on Aug 23, 2018.
             Was an Elder of Zin.
             Mangled by a komodo dragon (24 damage)
             ... on level 9 of the Dungeon.
             The game lasted 00:28:18 (14088 turns).

dricus the Basher (Gargoyle Fighter)               Turns: 14088, Time: 00:28:19

Health: -10/73     AC: 21    Str: 24    XL:     11   Next: 84%
Magic:  11/11      EV:  6    Int:  8    God:    Zin [****..]
Gold:   513        SH: 12    Dex:  9    Spells: 10/10 levels left

rFire    . . .     SeeInvis .   a - +2 flail (holy)
rCold    + . .     Gourm    .   J - +0 shield
rNeg     + . .     Faith    .   L - +0 plate armour
rPois    ∞         Spirit   .   p - +1 helmet
rElec    +         Reflect  .   (no cloak)
rCorr    .         Harm     .   (no gloves)
MR       .....                  (no boots)
Stlth    ..........             u - amulet of the acrobat
HPRegen  0.22/turn              o - ring of protection from cold
MPRegen  0.12/turn              y - +1 ring of evasion

@: no status effects
A: negative energy resistance 1, electricity resistance, unbreathing,
petrification resistance, rot immunity, AC +8
a: Recite, Vitalisation, Imprison, Donate Gold, Renounce Religion


You were on level 9 of the Dungeon.
You worshipped Zin.
Zin was greatly pleased with you.
You were not hungry.

You visited 2 branches of the dungeon, and saw 13 of its levels.

You collected 569 gold pieces.
You donated 56 gold pieces to Zin.

Inventory:

Hand Weapons
 a - a +2 flail of holy wrath (weapon)
   (You took it off an orc on level 7 of the Dungeon)
 b - a +0 blowgun
   (You took it off a kobold on level 3 of the Dungeon)
 A - a +1 dagger of electrocution
   (You took it off an orc wizard on level 5 of the Dungeon)
 B - a +1 flail
Missiles
 f - 302 stones (quivered)
 w - 25 poisoned needles
Armour
 p - a +1 helmet (worn)
   (You took it off Robin on level 2 of the Dungeon)
 J - a +0 shield (worn)
 L - a +0 plate armour (worn)
   (You took it off an orc warrior on level 10 of the Dungeon)
Jewellery
 h - an uncursed ring of flight
   (You found it on level 1 of the Dungeon)
 o - a ring of protection from cold (left hand)
   (You found it on level 9 of the Dungeon)
 u - an amulet of the acrobat (around neck)
   (You took it off a kobold on level 3 of the Dungeon)
 y - a +1 ring of evasion (right hand)
   (You found it on level 3 of the Dungeon)
 z - an uncursed ring of see invisible
   (You found it on level 10 of the Dungeon)
 F - an uncursed ring of stealth
   (You found it on level 9 of the Dungeon)
Wands
 d - a wand of iceblast (2)
   (You took it off an orc wizard on level 5 of the Dungeon)
 t - a wand of flame (16)
   (You took it off Ijyb on level 5 of the Dungeon)
 x - a wand of acid (9)
   (You found it on level 8 of the Dungeon)
 E - a wand of enslavement (10)
   (You found it on level 8 of the Dungeon)
Scrolls
 g - a scroll of fog
 j - 4 scrolls of remove curse {@r2}
 n - a scroll of magic mapping
 q - 7 scrolls of teleportation {@r4}
 r - 6 scrolls of enchant weapon
 D - a scroll of blinking
 G - 2 scrolls of immolation {!r}
Potions
 c - a potion of brilliance
 i - 4 potions of haste {@q3}
 k - a potion of curing {@q1}
 l - a potion of ambrosia {unknown}
 m - a potion of flight
 v - a potion of invisibility
 C - a potion of agility
 H - 2 potions of heal wounds {@q2}
Miscellaneous
 I - a phantom mirror
Comestibles
 e - 17 rations {!d}


   Skills:
 + Level 10.6 Fighting
 * Level 12.9 Maces & Flails
 - Level 3.2 Armour
 + Level 10.6 Shields


You had 10 spell levels left.
You didn't know any spells.
Your spell library contained the following spells:

 Spells                   Type           Power        Failure   Level  Hunger
 Animate Skeleton         Necr           N/A          100%        1    ##.....
 Apportation              Tloc           #.....       100%        1    ##.....
 Confusing Touch          Hex            #.....       100%        1    ##.....
 Pain                     Necr           #...         100%        1    ##.....
 Sting                    Conj/Pois      #...         100%        1    ##.....
 Summon Small Mammal      Summ           #...         100%        1    ##.....
 Poisonous Vapours        Pois/Air       #.....       100%        2    ###....
 Mephitic Cloud           Conj/Pois/Air  #.......     100%        3    ####...
 Regeneration             Chrm/Necr      #.........   100%        3    ####...
 Vampiric Draining        Necr           #.........   100%        3    ####...
 Animate Dead             Necr           N/A          100%        4    #####..
 Olgreb's Toxic Radiance  Pois           #.......     100%        4    #####..
 Venom Bolt               Conj/Pois      #.........   100%        5    ######.


Dungeon Overview and Level Annotations

Branches:
Dungeon (11/15)            Temple (0/1) D:7            Lair (2/6) D:9
    Orc (0/2) D:10
  Swamp: Lair:2-4    Shoals: Lair:2-4     Snake: Lair:2-4    Spider: Lair:2-4

Altars:
Cheibriados
Fedhas
Kikubaaqudgha
Makhleb
Nemelex Xobeh
Qazlal
Ru
Sif Muna
Trog
Uskayaw
Vehumet
Wu Jian
Zin

Portals:
Trove: D:11 (give +3 gold dragon scales)


Innate Abilities, Weirdness & Mutations

You are resistant to torment.
Your stone body is resilient. (AC +8)
You are immune to poison.
You resist negative energy. (rN+)
You are resistant to electric shocks. (rElec)
You can survive without breathing.
You are immune to petrification.
You are immune to rotting.


Message History

The blink frog gives a loud, deep croak!
The water moccasin bites you but does no damage.
You block the komodo dragon's attack. The water moccasin barely misses you.
The blink frog blinks!
You climb upwards.
Welcome back to the Dungeon!
There is a staircase to the Lair here.
You miss the water moccasin. You block the komodo dragon's attack.
The water moccasin bites you but does no damage.
You hit the water moccasin.
The water moccasin bites you but does no damage.
The komodo dragon barely misses you.
You miss the water moccasin. You block the water moccasin's attack.
You sock the water moccasin! You block the komodo dragon's attack.
The water moccasin bites you but does no damage.
You sock the water moccasin!
You kill the water moccasin!
The komodo dragon bites you.
You sock the komodo dragon! The komodo dragon bites you!
You hit the komodo dragon.
You hit the komodo dragon but do no damage.
You block the komodo dragon's attack.
You sock the komodo dragon! You block the komodo dragon's attack.
You barely miss the komodo dragon.
The komodo dragon bites you but does no damage.
You closely miss the komodo dragon. The komodo dragon bites you!!
You hit the komodo dragon. You barely miss the komodo dragon.
The komodo dragon bites you!!
* * * LOW HITPOINT WARNING * * *
Unknown command.
You block the komodo dragon's attack.
Aim: a komodo dragon (heavily wounded, chance to defeat MR: 28%)
Okay, then.
Unknown command.
Aim: a komodo dragon (heavily wounded)
The bolt of acid hits the komodo dragon.
The komodo dragon is splashed with acid.
The acid corrodes the komodo dragon!
The komodo dragon bites you but does no damage.
You completely miss the komodo dragon. You block the komodo dragon's attack.
You closely miss the komodo dragon. The komodo dragon bites you.
* * * LOW HITPOINT WARNING * * *
You hit the komodo dragon. The komodo dragon barely misses you.
You barely miss the komodo dragon. You closely miss the komodo dragon.
The komodo dragon bites you.
* * * LOW HITPOINT WARNING * * *
You hit the komodo dragon. You block the komodo dragon's attack.
You barely miss the komodo dragon.
The komodo dragon bites you but does no damage.
You closely miss the komodo dragon. The komodo dragon bites you!!
You die...

.#.....#......#
.#.....#......#
.#.....#......#
##'#######...####
##.##.####...#..#
...#............#
...#............#
...#............#######
...###'###......@l....#
...##...##....#######.##
....#..........# #..#
....#..........# ##.##
....#..........# #..#
....#..........# ##.##
....#..........# #.>#
.####.#..#.##.## ####
.####.#########


You could see a komodo dragon.

Vanquished Creatures
  A two-headed ogre (D:11)
  The ghost of krabocopter the Skirmisher, a novice DsGl of Ru (D:6)
  An ugly thing (D:11)
  Psyche (D:8)
  A spiny frog (Lair:1)
  2 centaur skeletons (D:11)
  5 blink frogs (D:9)
  Prince Ribbit (D:8)
  A spriggan (D:11)
  Sigmund (D:6)
  2 hippogriffs
  16 yaks
  A wraith (D:11)
  A shadow (D:11)
  A hungry ghost (D:9)
  Menkaure (D:6)
  4 water moccasins
  An acid dragon (D:11)
  A porcupine (Lair:1)
  2 ice beasts
  A sky beast (D:9)
  5 orc warriors
  2 phantoms
  A black bear (D:9)
  2 ogres
  A necrophage (D:10)
  4 wolves (Lair:1)
  A centaur (D:9)
  3 crocodiles (Lair:1)
  4 bullfrogs
  A gnoll sergeant (D:9)
  A wyvern skeleton (D:9)
  A scorpion (D:11)
  7 howler monkeys
  3 crimson imps
  2 quasits (D:10)
  2 hounds
  10 orc wizards
  9 orc priests
  A jelly (D:10)
  Jessica (D:3)
  A bullfrog skeleton (D:9)
  3 iguanas
  Ijyb (D:5)
  7 worker ants
  A hound skeleton (D:8)
  Robin (D:2)
  7 gnolls
  A worker ant zombie (D:11)
  A howler monkey skeleton (D:10)
  8 adders
  A river rat (D:6)
  4 shadow imps
  2 oozes
  2 adder skeletons
  3 worms
  A dart slug (D:1)
  4 leopard geckos
  36 orcs
  3 giant cockroaches
  15 goblins
  4 hobgoblins
  15 jackals
  8 kobolds
  3 ball pythons
  4 bats
  12 frilled lizards
  A jackal skeleton (D:8)
  A quokka skeleton (D:8)
  A quokka zombie (D:5)
  14 rats
272 creatures vanquished.

Vanquished Creatures (others)
  A fungus (Lair:1)
  A plant (Lair:1)
2 creatures vanquished.

Grand Total: 274 creatures vanquished

Notes
Turn   | Place    | Note
-------+----------+-------------------------------------------
     0 | D:1      | dricus the Gargoyle Fighter began the quest for the Orb.
     0 | D:1      | Reached XP level 1. HP: 14/14 MP: 1/1
    74 | D:1      | Noticed a hound
    74 | D:1      | Noticed a salamander
   228 | D:1      | Reached XP level 2. HP: 19/19 MP: 2/2
   506 | D:1      | Reached XP level 3. HP: 22/23 MP: 3/3
   749 | D:2      | Found a radiant altar of Vehumet.
   809 | D:2      | Reached skill level 3 in Maces & Flails
  1022 | D:2      | Reached XP level 4. HP: 29/29 MP: 4/4
  1406 | D:3      | Found a sparkling altar of Nemelex Xobeh.
  1844 | D:3      | Noticed Robin
  1848 | D:3      | Noticed Jessica
  1854 | D:3      | Killed Jessica
  1854 | D:3      | Reached XP level 5. HP: 22/33 MP: 5/5
  1992 | D:2      | Reached skill level 4 in Maces & Flails
  2015 | D:2      | Killed Robin
  2475 | D:4      | Found a hide-covered altar of Uskayaw.
  2553 | D:4      | Noticed a phantom
  2584 | D:3      | Killed a phantom
  2584 | D:3      | Reached XP level 6. HP: 39/39 MP: 6/6
  3021 | D:4      | Reached skill level 5 in Maces & Flails
  3249 | D:4      | Reached skill level 5 in Fighting
  3329 | D:4      | Noticed an orc warrior
  3351 | D:4      | HP: 1/40 [orc warrior/dire flail (20)]
  3453 | D:4      | Reached skill level 5 in Shields
  3454 | D:4      | Killed an orc warrior
  3454 | D:4      | Reached XP level 7. HP: 15/44 MP: 7/7
  4062 | D:5      | Entered Level 5 of the Dungeon
  4101 | D:5      | Reached skill level 6 in Maces & Flails
  4325 | D:5      | Noticed Ijyb
  4333 | D:5      | Killed Ijyb
  4639 | D:5      | Reached XP level 8. HP: 41/51 MP: 8/8
  4983 | D:5      | Found a blossoming altar of Fedhas.
  5145 | D:6      | Found a sacrificial altar of Ru.
  5145 | D:6      | Found a bloodstained altar of Trog.
  5269 | D:6      | Found a glowing silver altar of Zin.
  5270 | D:6      | Noticed an angel
  5275 | D:6      | Became a worshipper of Zin the Law-Giver
  5275 | D:6      | Reached * piety under Zin
  5294 | D:6      | Found a snail-covered altar of Cheibriados.
  5294 | D:6      | Found a deep blue altar of Sif Muna.
  5296 | D:6      | Found an ornate altar of the Wu Jian Council.
  5297 | D:6      | Found a stormy altar of Qazlal.
  5375 | D:6      | Reached skill level 7 in Maces & Flails
  5406 | D:6      | Found a burning altar of Makhleb.
  5422 | D:6      | Noticed Sigmund
  5447 | D:6      | Killed Sigmund
  5514 | D:6      | Noticed Menkaure
  5517 | D:6      | Killed Menkaure
  5535 | D:6      | Reached ** piety under Zin
  5745 | D:6      | Found a runed door.
  5750 | D:6      | Noticed krabocopter's ghost (novice DsGl)
  5823 | D:6      | Found a runed door.
  5872 | D:6      | Killed krabocopter's ghost
  5872 | D:6      | Reached skill level 8 in Maces & Flails
  5872 | D:6      | Reached XP level 9. HP: 23/57 MP: 9/9
  6164 | D:7      | Found a staircase to the Ecumenical Temple.
  6941 | D:8      | Noticed Psyche
  6953 | D:8      | Killed Psyche
  6953 | D:8      | Reached skill level 9 in Maces & Flails
  7133 | D:8      | Reached *** piety under Zin
  7787 | D:8      | Noticed Prince Ribbit
  8077 | D:8      | Killed Prince Ribbit
  8162 | D:9      | Found a snail-covered altar of Cheibriados.
  8221 | D:9      | Noticed an eight-headed hydra
  8367 | D:8      | HP: 1/59 [eight-headed hydra (4)]
  8809 | D:9      | Reached skill level 10 in Maces & Flails
  8809 | D:9      | Reached XP level 10. HP: 56/64 MP: 10/10
  8937 | D:9      | Found a staircase to the Lair.
  9268 | D:10     | Entered Level 10 of the Dungeon
  9447 | D:10     | Found a staircase to the Orcish Mines.
  9604 | D:10     | Found an ancient bone altar of Kikubaaqudgha.
 10347 | D:10     | Reached skill level 11 in Maces & Flails
 10653 | D:11     | Noticed a cyan ugly thing
 10691 | D:11     | Killed a cyan ugly thing
 11207 | D:11     | Reached **** piety under Zin
 11305 | D:11     | Reached XP level 11. HP: 72/72 MP: 11/11
 11465 | D:11     | Found a portal to a secret trove of treasure.
 11630 | D:11     | Noticed a two-headed ogre
 11640 | D:11     | Killed a two-headed ogre
 11662 | D:11     | Reached skill level 12 in Maces & Flails
 11889 | D:11     | Reached skill level 10 in Fighting
 11889 | D:11     | Reached skill level 10 in Shields
 12286 | Lair:1   | Entered Level 1 of the Lair of Beasts
 14088 | D:9      | Mangled by a komodo dragon

Skill      XL: |  1  2  3  4  5  6  7  8  9 10 11 |
---------------+----------------------------------+-----
Maces & Flails | 3 4 5 6 8 10 11 12 | 12.9
Fighting       | 4 5 7 8 9 10 | 10.6
Shields        | 4 5 7 8 9 10 | 10.6
Armour         | |  3.2

Action                   |  1- 3 |  4- 6 |  7- 9 | 10-12 || total
-------------------------+-------+-------+-------+-------++-------
Melee: Flail             |   132 |   239 |   421 |   570 ||  1362
Invok: Recite            |       |       |     3 |     2 ||     5
Evoke: Wand              |       |     1 |    17 |     3 ||    21
  Use: Scroll            |       |    12 |     7 |     5 ||    24
       Potion            |       |     1 |     1 |       ||     2
  Eat: Chunk             |     1 |     8 |    10 |    10 ||    29
       Ration            |       |       |     2 |     3 ||     5
Armor: Scale mail        |    67 |   105 |    48 |       ||   220
       Chain mail        |       |       |   146 |    77 ||   223
       Plate armour      |       |       |       |   143 ||   143
Dodge: Dodged            |    28 |    57 |    93 |   117 ||   295
Block: Shield            |    65 |   104 |   197 |   295 ||   661
